 Dungeon Crawl Stone Soup version 0.31.0-11-ge490571c62 (webtiles) character file.

Game seed: 16097039194793053530

1102 LustLizard the Cleaver (level 8, -2/71 HPs)
             Began as a Minotaur Berserker on Jan 26, 2024.
             Was an Elder of Trog.
             Slain by a river rat (3 damage)
             ... summoned by Eustachio
             ... on level 5 of the Dungeon.
             The game lasted 00:10:01 (3958 turns).

LustLizard the Cleaver (Minotaur Berserker)         Turns: 3958, Time: 00:10:01

Health: -2/71      AC:  9    Str: 22    XL:     8   Next: 10%
Magic:  7/7        EV:  8    Int:  6    God:    Trog [****..]
Gold:   210        SH:  5    Dex: 10    Spells: 7/7 levels left

rFire   . . .        a - +1 hand axe
rCold   . . .        (no shield)
rNeg    . . .        t - +0 chain mail
rPois   +            (helmet restricted)
rElec   .            (no cloak)
rCorr   .            (no gloves)
SInv    .            u - +0 pair of boots
Will    .....        y - amulet of reflection Stlth
                     b - ring of poison resistance
HPRegen 0.31/turn    (no ring)
MPRegen 0.10/turn

%: reflection
@: on berserk cooldown, slowed, very slow
A: horns 2, retaliatory headbutt
a: Renounce Religion, Berserk, Trog's Hand, Brothers in Arms


You were on level 5 of the Dungeon.
You worshipped Trog.
Trog was greatly pleased with you.
You visited 1 branch of the dungeon, and saw 5 of its levels.

You collected 210 gold pieces.

Inventory:

Hand Weapons
 a - a +1 hand axe (weapon)
Missiles
 d - 34 stones
 n - 8 poisoned darts
 o - 3 javelins
 p - 6 boomerangs
 z - a throwing net
Armour
 j - a +0 kite shield
 t - a +0 chain mail (worn)
 u - a +0 pair of boots (worn)
Jewellery
 b - a ring of poison resistance (left hand)
 y - an amulet of reflection (around neck)
Wands
 i - a wand of polymorph (2)
Scrolls
 c - 2 scrolls of identify {unknown}
 e - 2 scrolls of amnesia {unknown}
 f - 3 scrolls of immolation
 g - a scroll of noise {unknown}
 h - 3 scrolls of enchant weapon
 k - a scroll of fear {unknown}
 l - 3 scrolls of teleportation {unknown}
 r - 2 scrolls of blinking {unknown}
 w - a scroll of poison {unknown}
 x - a scroll of fog {unknown}
Potions
 m - a potion of berserk rage {unknown}
 q - a potion of attraction {unknown}
 s - a potion of heal wounds {unknown}
 v - a potion of brilliance {unknown}


   Skills:
 + Level 6.7 Fighting
 * Level 9.0 Axes
 + Level 4.5 Throwing
 - Level 2.4 Armour
 - Level 2.1 Dodging


You had 7 spell levels left.
You didn't know any spells.
Your spell library was empty.

Dungeon Overview and Level Annotations

Branches:
Dungeon (5/15)             Temple (0/1) D:5

Altars:
Nemelex Xobeh

Annotations:
D:5 Eustachio


Innate Abilities, Weirdness & Mutations

You have a pair of horns on your head.
You reflexively headbutt those who attack you in melee.


Message History

You barely miss the shadow imp. You hit the crimson imp.
You block the shadow imp's attack. The crimson imp closely misses you.
You furiously retaliate!
You headbutt the crimson imp!
Eustachio casts a spell.
Unknown command.
You hit Eustachio.
Eustachio is almost dead.
You hit the bat but do no damage.
You hit the shadow imp but do no damage.
You barely miss the crimson imp. The bat hits you but does no damage. x2
The shadow imp closely misses you. The crimson imp misses you.
You furiously retaliate!
You headbutt the crimson imp, but do no damage.
Eustachio growls, "To hell with you, honourless miscreant!"
Eustachio hits you with a +0 falchion.
* * * LOW HITPOINT WARNING * * *
The shadow imp barely misses you. The crimson imp barely misses you.
You furiously retaliate!
You headbutt the crimson imp!
You kill the crimson imp!
The crimson imp disappears in a puff of smoke!
You closely miss Eustachio.
Eustachio is almost dead.
You hit the bat. You barely miss the shadow imp. The bat barely misses you.
You furiously retaliate!
You headbutt the bat!
You kill the bat!
The bat's corpse disappears in a puff of smoke!
Eustachio gestures wildly while chanting.
The shadow imp gestures at you. Pain shoots through your body!
* * * LOW HITPOINT WARNING * * *
You hit Eustachio but do no damage.
Eustachio is almost dead.
You hit the shadow imp. You hit the river rat but do no damage.
The quokka disappears in a puff of smoke!
Eustachio hits you with a +0 falchion.
* * * LOW HITPOINT WARNING * * *
The river rat bites you but does no damage.
You block the shadow imp's attack. Eustachio hits you but does no damage.
The river rat bites you.
You die...

#..............
#................#
#................#
#................ #.....#
#..# ..# #######
#.....###..##..####..##.#
#....§.r.................
#......5r................
+.....r@@§)...........<..
#.##..r##......###...####
## ######......########..
#..............+..
#.......<......#..
#.....<........#..
#.P.P..........#..
#..>....###.......
#.P.P.#.###..#####


You could see Eustachio, 3 river rats, a shadow imp (summoned) and a rat
(summoned).

Vanquished Creatures
  Sigmund (D:3)
  Menkaure (D:4)
  Duvessa (D:4)
  An ogre (D:5)
  A scorpion (D:4)
  Dowan (D:4)
  A hound (D:4)
  An orc priest (D:3)
  A sleepcap (D:4)
  Jessica (D:2)
  A gnoll bouda (D:5)
  2 iguanas
  Natasha (thrice) (D:2)
  3 orc wizards
  3 gnolls (D:5)
  4 adders
  2 white imps
  4 dart slugs
  2 ribbon worms
  15 orcs
  6 ball pythons
  8 bats
  5 endoplasms
  2 giant cockroaches (D:4)
  7 hobgoblins
  3 jackals (D:1)
  4 quokkas
  5 frilled lizards
  7 goblins
  5 kobolds
  8 rats
109 creatures vanquished.

Notes
Turn   | Place    | Note
-------+----------+-------------------------------------------
     0 | D:1      | LustLizard the Minotaur Berserker began the quest for the
                  | Orb.
     0 | D:1      | Reached XP level 1. HP: 19/19 MP: 0/0
   109 | D:1      | Reached skill level 4 in Axes
   116 | D:1      | Reached XP level 2. HP: 13/27 MP: 1/1
   419 | D:1      | Reached ** piety under Trog
   423 | D:1      | Reached skill level 1 in Throwing
   451 | D:1      | Found a faded altar of an unknown god.
   562 | D:1      | Reached XP level 3. HP: 33/33 MP: 2/2
   749 | D:2      | Noticed Jessica
   753 | D:2      | Killed Jessica
   754 | D:2      | Reached skill level 5 in Axes
   754 | D:2      | Reached XP level 4. HP: 24/41 MP: 3/3
  1073 | D:2      | Found a sparkling altar of Nemelex Xobeh.
  1139 | D:2      | Reached *** piety under Trog
  1166 | D:2      | Noticed Natasha
  1181 | D:2      | Killed Natasha
  1343 | D:2      | Noticed Natasha
  1359 | D:2      | Killed Natasha
  1360 | D:2      | Reached XP level 5. HP: 41/47 MP: 4/4
  1546 | D:2      | Noticed Natasha
  1570 | D:2      | Killed Natasha
  1604 | D:3      | Noticed Sigmund
  1609 | D:3      | Killed Sigmund
  1610 | D:3      | Reached skill level 5 in Fighting
  1610 | D:3      | Reached skill level 6 in Axes
  1610 | D:3      | Reached XP level 6. HP: 56/56 MP: 5/5
  2081 | D:3      | Reached skill level 7 in Axes
  2724 | D:4      | Reached XP level 7. HP: 52/62 MP: 6/6
  2947 | D:4      | Noticed Dowan
  2949 | D:4      | Noticed Duvessa
  2964 | D:4      | Killed Dowan
  2975 | D:4      | Killed Duvessa
  2976 | D:4      | Reached skill level 8 in Axes
  3131 | D:4      | Reached **** piety under Trog
  3366 | D:4      | Noticed Menkaure
  3373 | D:4      | Killed Menkaure
  3691 | D:5      | Entered Level 5 of the Dungeon
  3844 | D:5      | Reached XP level 8. HP: 57/71 MP: 7/7
  3907 | D:5      | Found a staircase to the Ecumenical Temple.
  3925 | D:5      | Noticed Eustachio
  3943 | D:5      | Reached skill level 9 in Axes
  3958 | D:5      | HP: 1/71 [Eustachio/+0 falchion (6)]
  3958 | D:5      | Slain by a river rat

Illustrated notes

Levels and vault maps discovered:
D:1:      lordsloth_arrival_two_stooges, layout_basic,
          hellmonk_ecumenical_altar_blasted
D:2:      layout_rooms, basic_altar, uniq_jessica, uniq_natasha
D:3:      layout_loops_ring, kennysheep_generic_room_12, uniq_sigmund
D:4:      layout_basic, serial_glass, glass_columns_a, glass_columns_a,
          kennysheep_dice, uniq_duvessa, uniq_menkaure
D:5:      layout_gridville, minmay_temple_entry_trees, goddamned_bats,
          uniq_crazy_yiuf_cottage, uniq_eustachio, uniq_prince_ribbit1

Skill      XL: |  1  2  3  4  5  6  7  8 |
---------------+-------------------------+-----
Axes           | 4 5 6 7 8 9 |  9.0
Fighting       | 4 5 6 |  6.7
Throwing       | 1 2 3 4 |  4.5
Armour         | |  2.4
Dodging        | |  2.1

Action                     |  1- 3 |  4- 6 |  7- 9 || total
---------------------------+-------+-------+-------++-------
  Melee: Hand axe          |    78 |   150 |   112 ||   340
         Headbutt          |    11 |    26 |    25 ||    62
         Punch             |       |     2 |     1 ||     3
 Invoke: Berserk           |       |     1 |     2 ||     3
         Trog's Hand       |       |     1 |       ||     1
    Use: Scroll            |       |       |     1 ||     1
 Armour: Animal skin       |    43 |       |       ||    43
         Leather armour    |     7 |    19 |       ||    26
         Ring mail         |       |    14 |       ||    14
         Chain mail        |       |    63 |    84 ||   147
  Dodge: Dodged            |    44 |    52 |    44 ||   140
  Block: Other             |       |       |    26 ||    26
